 Dungeon Crawl Stone Soup version 0.28.0-47-ge53b351184 (webtiles) character file.

Game seed: 14855933567759954717

39 Iusername the Covered (level 3, -1/33 HPs)
             Began as a Minotaur Fighter on May 5, 2022.
             Slain by a gnoll
             ... wielding a +0 spear
              (3 damage)
             ... on level 2 of the Dungeon.
             The game lasted 00:02:50 (1357 turns).

Iusername the Covered (Minotaur Fighter)            Turns: 1357, Time: 00:02:53

Health: -1/33      AC:  7    Str: 20    XL:     3   Next: 28%
Magic:  2/2        EV:  6    Int:  7    God:
Gold:   18         SH:  4    Dex:  9    Spells: 2/2 levels left

rFire   . . .      SeeInvis .   a - +0 long sword
rCold   . . .      Faith    .   c - +0 buckler
rNeg    . . .      Spirit   .   b - +0 scale mail
rPois   .          Reflect  .   (helmet restricted)
rElec   .          Harm     .   (no cloak)
rCorr   .          Rampage  .   (no gloves)
Will    .....                   (no boots)
Stlth   ..........              (no amulet)
HPRegen 0.11/turn               (no ring)
MPRegen 0.08/turn               (no ring)

@: mighty, constricted
A: horns 2, retaliatory headbutt
a: no special abilities


You were on level 2 of the Dungeon.
You visited 1 branch of the dungeon, and saw 2 of its levels.

You collected 18 gold pieces.

Inventory:

Hand Weapons
 a - a +0 long sword (weapon)
Armour
 b - a +0 scale mail (worn)
 c - a +0 buckler (worn)
Scrolls
 f - a scroll of identify {unknown}


   Skills:
 + Level 4.0 Fighting
 + Level 2.7 Long Blades
 + Level 4.3 Armour
 + Level 0.2 Dodging
 + Level 0.1 Stealth
 + Level 4.1 Shields


You had 2 spell levels left.
You didn't know any spells.
Your spell library was empty.

Dungeon Overview and Level Annotations

Branches:
Dungeon (2/15)

Altars:
Trog

Shops:
D:1 =


Innate Abilities, Weirdness & Mutations

You have a pair of horns on your head.
You reflexively headbutt those who attack you in melee.


Message History

A ball python comes into view.
You see here a +0 spear.
You closely miss the orc.
The ball python hisses angrily.
Your headbutt misses the orc. You block the gnoll's attack.
You block the orc's attack. The gnoll hits you but does no damage.
The gnoll hits you with a +0 flail.
An endoplasm comes into view.
The gnoll hits you but does no damage. The orc closely misses you.
An orc comes into view. It is wielding a +0 club.
You are too injured to fight recklessly!
Unknown command.
You are too injured to fight recklessly!
Unknown command.
You are too injured to fight recklessly!
You are too injured to fight recklessly!
You are too injured to fight recklessly!
You are too injured to fight recklessly!
You closely miss the gnoll.
The orc shouts!
You hear a shout!
The gnoll completely misses you. The gnoll closely misses you.
An endoplasm comes into view.
The gnoll hits you with a +0 flail. The orc hits you with a +0 short sword.
The gnoll hits you with a +0 flail.
* * * LOW HITPOINT WARNING * * *
The gnoll hits you with a +0 spear.
* * * LOW HITPOINT WARNING * * *
Unknown command.
You are too injured to fight recklessly!
Unknown command.
Unknown command.
As you read the scroll labelled XAOT GEADDIECKU, it crumbles to dust.
It is a scroll of amnesia.
You feel forgetful for a moment. The ball python barely misses you.
The ball python grabs you. The ball python constricts you.
The orc hits you but does no damage. The gnoll barely misses you.
The gnoll hits you with a +0 flail.
* * * LOW HITPOINT WARNING * * *
The gnoll hits you with a +0 spear.
You die...

###### #....#
#....#
#########....#
........g....#
.....Ko@g.<..#
..J.S.Sg.....#
..o..._..<####
..J......##
..........
......#....
...####....
... ......


You could see 3 gnolls, 2 orcs, 2 endoplasms, 2 ball pythons and a kobold.

Vanquished Creatures
  A gnoll (D:2)
  A ball python (D:1)
  2 bats (D:1)
  4 endoplasms (D:1)
  A goblin (D:1)
  5 hobgoblins (D:1)
  4 jackals (D:1)
  3 kobolds (D:1)
  A quokka (D:1)
  A frilled lizard (D:1)
  A rat (D:1)
24 creatures vanquished.

Notes
Turn   | Place    | Note
-------+----------+-------------------------------------------
     0 | D:1      | Iusername the Minotaur Fighter began the quest for the Orb.
     0 | D:1      | Reached XP level 1. HP: 19/19 MP: 0/0
   246 | D:1      | Reached XP level 2. HP: 27/27 MP: 1/1
   903 | D:1      | Found Niutet's Jewellery Emporium.
  1181 | D:1      | Reached XP level 3. HP: 33/33 MP: 2/2
  1347 | D:2      | Found a bloodstained altar of Trog.
  1357 | D:2      | Slain by a gnoll

Illustrated notes

Levels and vault maps discovered:
D:1:      grunt_arrival_lava_bath, layout_basic, serial_shops,
          nicolae_diamond_shop
D:2:      layout_rooms, basic_altar, dilly_ecumenical_altar_fadedgnrine,
          serial_bayou_pond_c, corexii_leaking_fountain, minmay_hedge_maze,
          nicolae_wormholes

Skill      XL: |  1  2 |
---------------+-------+-----
Armour         | 4 |  4.3
Shields        | 4 |  4.1
Fighting       | 4 |  4.0
Long Blades    | |  2.7
Dodging        | |  0.2
Stealth        | |  0.1

Action                   || total
-------------------------++-------
Melee: Long sword        ||    70
       Headbutt          ||     6
  Use: Scroll            ||     1
       Potion            ||     1
Armor: Scale mail        ||    39
Dodge: Dodged            ||    43
Block: Buckler           ||    19
